 Dungeon Crawl Stone Soup version 0.28-a0-46-g7b1be97da7 (webtiles) character file.

Game seed: 939269135521503361

25530 HAL9000 the Unseen (level 13, -6/62 HPs)
             Began as a Vine Stalker Brigand on July 29, 2021.
             Was a High Priest of Dithmenos.
             Mangled by a blink frog (12 damage)
             ... on level 3 of the Lair of Beasts.
             The game lasted 00:49:28 (16416 turns).

HAL9000 the Unseen (Vine Stalker Brigand)          Turns: 16416, Time: 00:49:28

Health: -6/62      AC:  9    Str: 17    XL:     13   Next: 20%
Magic:  0/14       EV: 11    Int: 13    God:    Dithmenos [*****.]
Gold:   1029       SH:  7    Dex: 22    Spells: 12/12 levels left

rFire   . . .      SeeInvis .   a - +3 dagger (protect)
rCold   . . .      Faith    .   C - +1 buckler
rNeg    + . .      Spirit   +   J - +0 troll leather armour
rPois   .          Reflect  .   v - +1 helmet
rElec   .          Harm     .   c - +0 cloak
rCorr   .          Rampage  .   (no gloves)
Will    +....                   K - +0 pair of boots Stlth **++++++++
                                (no amulet)
HPRegen 2.20/turn               w - ring of positive energy
MPRegen 0.14/turn               y - +6 ring of dexterity

@: wreathed by umbra
A: fangs 3, regeneration 1, magic shield, antimagic bite, no potion heal 2
a: Renounce Religion, Shadow Step, Shadow Form


You were on level 3 of the Lair of Beasts.
You worshipped Dithmenos.
Dithmenos was extremely pleased with you.
You visited 3 branches of the dungeon, and saw 15 of its levels.
You also visited: Ossuary.

You collected 1698 gold pieces.
You spent 669 gold pieces at shops.

Inventory:

Hand Weapons
 a - a +3 dagger of protection (weapon)
 L - the +6 triple sword "Nasuff" {freeze, rC+ Str+4}
   (You bought it in a shop on level 1 of the Dungeon)

   It freezes those it strikes, dealing additional cold damage.
   It can also slow down cold-blooded creatures.
   Str:       It affects your strength (+4).
   rC:        It protects you from cold.
 M - the +8 arbalest "Tormentor" {venom, *Corrode rN++ Str+3 SInv}
   (You bought it in a shop on level 5 of the Dungeon)

   Any ammunition fired from it poisons the flesh of those it strikes.
   Str:       It affects your strength (+3).
   rN:        It greatly protects you from negative energy.
   SInv:      It lets you see invisible.
   *Corrode:  It may corrode you when you take damage.
Missiles
 d - 43 poisoned darts (quivered)
 e - 6 curare-tipped darts
 n - 7 javelins
 u - 4 atropa-tipped darts
 D - 4 throwing nets
 F - 8 boomerangs of dispersal
 I - 12 boomerangs
 N - 64 bolts
Armour
 b - +0 steam dragon scales
 c - a +0 cloak (worn)
 v - a +1 helmet (worn)
 C - a +1 buckler (worn)
 J - a +0 troll leather armour (worn)
 K - a +0 pair of boots (worn)
Jewellery
 w - a ring of positive energy (left hand)
 y - a +6 ring of dexterity (right hand)
 P - a ring of wizardry
Wands
 G - a wand of digging (15)
 H - a wand of polymorph (7)
 O - a wand of iceblast (27)
Scrolls
 f - 3 scrolls of amnesia
 g - 2 scrolls of vulnerability
 i - 2 scrolls of enchant armour
 m - 7 scrolls of teleportation
 r - a scroll of holy word
 z - 2 scrolls of blinking
Potions
 h - 3 potions of berserk rage {unknown}
 j - 6 potions of attraction
 k - 5 potions of haste
 l - 9 potions of curing
 o - 2 potions of mutation
 p - 2 potions of resistance
 q - a potion of cancellation {unknown}
 s - a potion of flight
 t - a potion of invisibility
 x - a potion of ambrosia {unknown}
 A - 6 potions of heal wounds {unknown}
 B - 3 potions of lignification
 E - a potion of degeneration {unknown}
 Q - a potion of brilliance {unknown}


   Skills:
 - Level 4.3 Fighting
 - Level 8.6 Short Blades
 - Level 9.5 Throwing
 - Level 5.1 Armour
 - Level 0.7 Dodging
 + Level 18.4 Stealth
 - Level 4.0 Shields


You had 12 spell levels left.
You didn't know any spells.
Your spell library contained the following spells:

 Spells                   Type           Power      Damage    Failure   Level
 Magic Dart               Conj           0%         1d3       36%         1
 Call Imp                 Summ           0%         N/A       50%         2
 Sublimation of Blood     Necr           0%         N/A       50%         2
 Wereblood                Tmut           0%         N/A       50%         2
 Dazzling Flash           Conj/Hex       0%         N/A       73%         3
 Mephitic Cloud           Conj/Pois/Air  0%         N/A       73%         3
 Stone Arrow              Conj/Erth      0%         3d7       73%         3
 Iskenderun's Mystic Bla  Conj/Tloc      0%         2d3       98%         4
 Bolt of Magma            Conj/Fire/Erth 0%         4d4       100%        5
 Fireball                 Conj/Fire      0%         3d3       100%        5
 Iskenderun's Battlesphe  Conj           0%         2d6       100%        5
 Conjure Ball Lightning   Conj/Air       0%         3x3d6     100%        6
 Starburst                Conj/Fire      0%         8x6d3     100%        6
 Orb of Destruction       Conj           0%         N/A       100%        7
 Summon Hydra             Summ           0%         N/A       100%        7
 Shatter                  Erth           0%         3d5*      100%        9


Dungeon Overview and Level Annotations

Branches:
Dungeon (11/15)            Temple (1/1) D:6            Lair (3/6) D:11
Ossuary (visited)
  Swamp: Lair:2-4    Shoals: Lair:2-4     Snake: Lair:2-4    Spider: Lair:2-4
    Orc: D:9-12

Altars:
Ashenzari
Cheibriados
Dithmenos
Elyvilon
Fedhas
Gozag
Hepliaklqana
Kikubaaqudgha
Makhleb
Nemelex Xobeh
Okawaru
Qazlal
Ru
Sif Muna
Trog
Uskayaw
Vehumet
Wu Jian
Xom
Yredelemnul
Zin
The Shining One

Shops:
D:1 *   D:4 [   D:5 (*   D:7 **   D:8 *

Annotations:
D:4 1 runed translucent door, sidorion's ghost, amateur MfGl
Lair:2 exclusion: 3 oklob plants


Innate Abilities, Weirdness & Mutations

You have razor-sharp teeth.
Your natural rate of healing is unusually fast.
When hurt, damage is shared between your health and your magic reserves.
Your bite disrupts and absorbs the magic of your enemies.
Potions cannot restore your health.


Message History

The four-headed hydra bites you but does no damage.
The four-headed hydra closely misses you. x2
You block the four-headed hydra's attack.
You hit the blink frog.
Your weapon exudes an aura of protection.
The blink frog is lightly wounded.
The blink frog hits you but does no damage.
The blink frog hits the plant!!
The plant begins to die.
You enter the shallow water.
Moving in this stuff is going to be slow.
A nearby plant withers and dies. x2; You block the cane toad's attack.
The blink frog blinks!
You block the four-headed hydra's attack.
The four-headed hydra bites you.
You block the four-headed hydra's attack.
The four-headed hydra bites you!
The blink frog blinks!
The blink frog hits something!
The blink frog blinks!
The cane toad stings you. The four-headed hydra bites you.
The four-headed hydra bites you but does no damage. x2
The four-headed hydra bites you.
The blink frog blinks! x2; The four-headed hydra bites you.
The four-headed hydra closely misses you.
The four-headed hydra bites you!
The four-headed hydra bites you but does no damage.
The cane toad stings you!
* * * LOW HITPOINT WARNING * * *
Something hits the plant!
The plant begins to die.
A nearby plant withers and dies.
You enter the shallow water.
Moving in this stuff is going to be slow.
A nearby plant withers and dies.
The blink frog barely misses you. The cane toad closely misses you.
You block the blink frog's attack.
The four-headed hydra bites you but does no damage.
The four-headed hydra bites you!
* * * LOW HITPOINT WARNING * * *
The four-headed hydra bites you.
* * * LOW HITPOINT WARNING * * *
You block the four-headed hydra's attack.
The blink frog hits you!
You die...

#...F.... #.........# #PF......
..........# #....§.§. #.........#
#...>..## ............#
####P.>.(##
##.#.#.........#####.##.....# #
#.....#.........##.≈..≈.....# #
##.#.#.........##.≈≈≈.≈...(## #
#....>........@#.P≈♣P≈≈P...#
##.#.##.......FDF≈♣♣♣♣♣P....#
#.....#.........P.≈♣ ♣≈.....#
##.#.#...........≈♣♣ P≈P....#
#...............≈.≈♣♣♣♣≈P..#...
###.#.#...........≈≈≈≈♣≈≈≈P.##.#
##..†...#..........†P≈≈≈≈P.....
...#.#.#..............PP.......##
........<.................(......


You could see a four-headed hydra, a cane toad and a blink frog.

Vanquished Creatures
  A boulder beetle (Lair:2)
  Harold (Lair:2)
  A two-headed ogre (D:10)
  3 hydras
  Urug (Lair:2)
  2 manticores
  A cyclops (D:7)
  4 elephants (Lair:2)
  A cane toad (Lair:2)
  2 unseen horrors
  A rime drake (Lair:2)
  6 komodo dragons
  3 trolls
  A hornet (D:10)
  9 blink frogs
  A shadow (D:10)
  2 wyverns
  18 yaks
  A basilisk (Lair:2)
  A steam dragon (D:9)
  A warg (shapeshifter) (D:9)
  6 water moccasins
  An acid dragon (D:9)
  4 orc warriors
  7 black bears
  3 ice beasts
  11 wolves
  6 ogres
  13 centaurs
  2 kobold brigands (D:8)
  9 bullfrogs
  A gnoll sergeant (D:9)
  15 scorpions
  20 killer bees
  21 wights
  10 electric eels
  A howler monkey (D:9)
  5 centaur zombies
  2 bullfrog zombies
  2 orc priests
  10 hounds
  3 gnoll shamans
  4 jellies
  Jessica (D:2)
  3 centaur skeletons
  3 scorpion zombies (Ossuary)
  6 orc wizards
  3 mummies (Ossuary)
  A howler monkey zombie (D:5)
  Robin (D:3)
  17 gnolls
  3 howler monkey skeletons
  7 adders
  2 shadow imps (D:5)
  2 white imps
  2 ufetubi
  3 worms
  3 dart slugs (D:1)
  14 orcs
  14 endoplasms
  4 giant cockroaches
  3 gnoll zombies (Ossuary)
  13 goblins
  11 hobgoblins
  8 jackals
  15 kobolds
  3 quokkas
  8 ball pythons
  A bat (D:3)
  2 frilled lizards (D:3)
  2 goblin zombies (Ossuary)
  4 hobgoblin zombies (Ossuary)
  2 orc zombies (Ossuary)
  6 rats
  A bush (D:2)
385 creatures vanquished.

Vanquished Creatures (others)
  A wight (D:6)
  A bullfrog skeleton (D:6)
  A gnoll (D:6)
  14 fungi
  32 plants
49 creatures vanquished.

Grand Total: 434 creatures vanquished

Notes
Turn   | Place    | Note
-------+----------+-------------------------------------------
     0 | D:1      | HAL9000 the Vine Stalker Brigand began the quest for the
                  | Orb.
     0 | D:1      | Reached XP level 1. HP: 11/11 MP: 2/2
   110 | D:1      | Reached XP level 2. HP: 9/15 MP: 1/3
   564 | D:1      | Found Cismeorr's Assorted Antiques.
   679 | D:1      | Reached XP level 3. HP: 11/18 MP: 4/4
  1137 | D:2      | Noticed Jessica
  1143 | D:2      | Killed Jessica
  1144 | D:2      | Gained mutation: Your natural rate of healing is unusually
                  | fast. [Vine Stalker growth]
  1144 | D:2      | Reached XP level 4. HP: 23/23 MP: 5/5
  1606 | D:2      | Reached XP level 5. HP: 22/26 MP: 6/6
  1929 | D:3      | Found a shadowy altar of Dithmenos.
  1936 | D:3      | Found a shimmering altar of Xom.
  1936 | D:3      | Found a snail-covered altar of Cheibriados.
  1940 | D:3      | Found a shimmering altar of Xom.
  1940 | D:3      | Found an ancient bone altar of Kikubaaqudgha.
  1940 | D:3      | Found a bloodstained altar of Trog.
  2050 | D:3      | Reached skill level 5 in Throwing
  2067 | D:3      | Found a faded altar of an unknown god.
  2100 | D:3      | Noticed Robin
  2147 | D:3      | Killed Robin
  2659 | D:4      | Reached XP level 6. HP: 28/30 MP: 5/7
  2943 | D:4      | Found Udghalea's Antique Armour Shoppe.
  2964 | D:4      | Noticed a black bear
  2979 | D:4      | Killed a black bear
  2980 | D:4      | Reached XP level 7. HP: 34/34 MP: 8/8
  3199 | D:4      | Found a runed translucent door.
  3212 | D:4      | Noticed sidorion's ghost (amateur MfGl)
  3520 | D:5      | Entered Level 5 of the Dungeon
  3591 | D:5      | Gained mutation: You have razor-sharp teeth. [Vine Stalker
                  | growth]
  3591 | D:5      | Reached XP level 8. HP: 38/38 MP: 9/9
  3871 | D:5      | Found Jaipauh's Antique Weapon Boutique.
  4075 | D:5      | Found Ijacineg's General Store.
  4090 | D:5      | Bought 6 curare-tipped darts for 50 gold pieces
  4678 | D:6      | Reached XP level 9. HP: 33/42 MP: 10/10
  4718 | D:6      | Reached skill level 5 in Short Blades
  4745 | D:6      | Found a stormy altar of Qazlal.
  4745 | D:6      | Found a broken altar of Ashenzari.
  5093 | D:6      | Found a staircase to the Ecumenical Temple.
  5109 | Temple   | Entered the Ecumenical Temple
  5408 | Temple   | Became a worshipper of Dithmenos the Shadowed
  6341 | D:7      | Found a sand-covered staircase.
  6346 | Ossuary  | Entered an ossuary
  6462 | Ossuary  | Reached * piety under Dithmenos
  6787 | D:6      | Reached XP level 10. HP: 45/49 MP: 6/11
  6969 | D:7      | Noticed a cyclops
  6975 | D:7      | Killed a cyclops
  6981 | D:7      | Found Hekhuurgh's General Store.
  6983 | D:7      | Found Xafo's Specific Store.
  7386 | D:7      | Reached ** piety under Dithmenos
  7387 | D:7      | Reached skill level 5 in Stealth
  8045 | D:8      | Reached skill level 6 in Stealth
  8244 | D:8      | Reached skill level 7 in Stealth
  8399 | D:8      | Found Riechir's General Store.
  8455 | D:8      | Reached skill level 8 in Stealth
  8701 | D:8      | Reached skill level 9 in Stealth
  9272 | D:9      | Noticed a manticore
  9287 | D:9      | Reached *** piety under Dithmenos
  9391 | D:9      | Reached skill level 10 in Stealth
  9470 | D:9      | Reached XP level 11. HP: 44/50 MP: 9/12
  9537 | D:9      | Reached skill level 11 in Stealth
  9810 | D:9      | Found a bloodstained altar of Trog.
  9864 | D:9      | Reached skill level 12 in Stealth
  9907 | D:9      | Found a flagged portal.
  9944 | D:9      | Killed a manticore
 10347 | D:10     | Entered Level 10 of the Dungeon
 10515 | D:10     | Reached skill level 13 in Stealth
 10535 | D:10     | Reached **** piety under Dithmenos
 10807 | D:10     | HP: 2/52 [electric eel/bolt of electricity (9)]
 11082 | D:10     | Noticed a two-headed ogre
 11092 | D:10     | Killed a two-headed ogre
 11546 | D:11     | Reached skill level 1 in Armour
 11716 | D:11     | Identified the +1 war axe of Neilory {speed, +Blink rPois
                  | MP+9 Int-4}
 11971 | D:1      | Bought a steaming triple sword for 420 gold pieces
 11971 | D:1      | Identified the +6 triple sword "Nasuff" {freeze, rC+ Str+4}
                  | (You bought it in a shop on level 1 of the Dungeon)
 12145 | D:5      | Bought a pitted arbalest for 199 gold pieces
 12145 | D:5      | Identified the +8 arbalest "Tormentor" {venom, *Corrode
                  | rN++ Str+3 SInv} (You bought it in a shop on level 5 of the
                  | Dungeon)
 12551 | D:11     | Noticed a manticore
 12570 | D:11     | Killed a manticore
 12611 | D:11     | Reached XP level 12. HP: 58/58 MP: 13/13
 12652 | D:11     | Found a staircase to the Lair.
 12762 | D:11     | Noticed a boulder beetle
 12766 | Lair:1   | Entered Level 1 of the Lair of Beasts
 13030 | Lair:1   | Noticed a five-headed hydra
 13055 | Lair:1   | Killed a five-headed hydra
 13056 | Lair:1   | Reached skill level 5 in Armour
 13062 | Lair:1   | Identified a scroll of acquirement
 13062 | Lair:1   | Acquired 601 gold pieces
 13202 | Lair:1   | Noticed a four-headed hydra
 13208 | Lair:1   | Killed a four-headed hydra
 13209 | Lair:1   | Reached skill level 14 in Stealth
 14040 | Lair:2   | Noticed Harold
 14276 | Lair:2   | Reached skill level 15 in Stealth
 14319 | Lair:2   | Noticed a boulder beetle
 14328 | Lair:2   | Killed a boulder beetle
 14799 | Lair:2   | Noticed Urug
 14853 | Lair:2   | Killed Urug
 14854 | Lair:2   | Reached skill level 16 in Stealth
 15188 | Lair:2   | Killed Harold
 15557 | Lair:3   | Reached skill level 17 in Stealth
 15576 | Lair:2   | Reached ***** piety under Dithmenos
 15764 | Lair:3   | Noticed a death yak
 15766 | Lair:3   | Noticed a death yak
 15808 | Lair:2   | Reached XP level 13. HP: 62/62 MP: 14/14
 16091 | Lair:2   | Reached skill level 18 in Stealth
 16415 | Lair:3   | HP: 3/62 [four-headed hydra (3)]
 16416 | Lair:3   | Mangled by a blink frog

Illustrated notes

Levels and vault maps discovered:
D:1:      scummos_arrival_checkerplants, layout_loops_ring, serial_shops,
          nicolae_diamond_shop, minmay_pentomino_t4
D:2:      layout_basic, minmay_hedge_maze, uniq_jessica
D:3:      layout_basic, doesnt_xom_only_xom, ebering_ecumenical_altar_rust,
          uniq_robin
D:4:      layout_cave_pools, gammafunk_ghost_grave, serial_shops, shop,
          minmay_increasing_density
D:5:      layout_rooms, roderic_serpentine_path, minivault_11,
          nicolae_take_the_stairs, nrook_mini_vaults, minmay_shop_grid_forest,
          kennysheep_generic_room_10
D:6:      layout_loops_cross, jmf_multi_god_temple, minmay_temple_entry_wispy,
          lemuel_flamethrower_2
D:7:      layout_basic, enter_ossuary_2, minivault_27, nicolae_specific_store,
          dk_noncrumbling_2, minmay_misc_feat_rows
D:8:      layout_loops_cross, serial_shops, nicolae_diamond_shop, centaur_isle
D:9:      layout_roguey, trog_ov_bears_minmay, enter_bailey_2,
          minmay_mirror_moons_of_madness
D:10:     layout_basic
D:11:     layout_grid_maze, erik_lair_island, nicolae_trove_entry_path_of_doom,
          grunt_decor_cap
Temple:   dpeg_five_rooms_temple
Lair:1:   layout_layer_cave, lemuel_fruit_tree
Lair:2:   layout_loops_ring, gauntlet_entry_generic, beast_lair_carwin_3,
          infiniplex_staircase_pool, minmay_lair_oklob_chamber, uniq_urug,
          uniq_harold
Lair:3:   layout_big_grid, nicolae_spider_entry_orb_guardian, serial_bayou,
          serial_bayou_pond_c, serial_bayou_shore_a, serial_bayou_pond_e,
          serial_bayou_pond_e, small_statue_intersection, st_stairs_13

Skill      XL: |  1  2  3  4  5  6  7  8  9 10 11 12 13 |
---------------+----------------------------------------+-----
Throwing       | 2 3 4 5 6 8 9 |  9.5
Short Blades   | 4 8 |  8.6
Fighting       | 3 4 |  4.3
Shields        | 4 |  4.0
Stealth        | 10 13 17 18 | 18.4
Armour         | 4 5 |  5.1
Dodging        | |  0.7

Action                   |  1- 3 |  4- 6 |  7- 9 | 10-12 | 13-15 || total
-------------------------+-------+-------+-------+-------+-------++-------
Melee: Dagger            |    51 |   348 |   405 |  1077 |   177 ||  2058
       Bite              |    14 |   136 |   195 |   449 |   102 ||   896
       Triple sword      |       |       |       |     3 |       ||     3
Throw: Dart              |     1 |    24 |    86 |   150 |    30 ||   291
       Boomerang         |       |       |       |    87 |       ||    87
Evoke: Wand              |       |       |       |     2 |       ||     2
  Use: Scroll            |       |     7 |     7 |    12 |       ||    26
       Potion            |       |       |       |     3 |       ||     3
 Stab: Sleeping          |    11 |    10 |     5 |    33 |     1 ||    60
       Invisible         |       |     2 |       |     6 |       ||     8
       Distracted        |       |       |     1 |     2 |       ||     3
Armor: Robe              |     6 |    76 |    85 |    27 |       ||   194
       Troll leather arm |       |       |       |   250 |    76 ||   326
Dodge: Dodged            |    17 |   140 |   225 |   418 |    79 ||   879
Block: Buckler           |       |       |       |   288 |    69 ||   357
       Rpst.: Triple sword |       |       |       |     2 |       ||     2

Table legend: (Time is in decaauts)
 A = Elapsed time spent in this place.
 B = Non-inter-level travel time spent in this place.
 C = Inter-level travel time spent in this place.
 D = Time resting spent in this place.
 E = Time spent auto-exploring this place.
 F = Levels seen in this place.
 G = Mean time per level.
                   A        B        C        D        E       F      G
               +--------+--------+--------+--------+--------+-----+--------+
         Total |  15699 |  14197 |   1502 |   1509 |   8147 |  16 |  981.2 |
       Dungeon |  11604 |  10428 |   1176 |   1297 |   5836 |  11 | 1054.9 |
        Temple |    334 |    302 |     32 |      0 |    294 |   1 |  334.0 |
          Lair |   3430 |   3136 |    294 |    212 |   1953 |   3 | 1143.3 |
       Ossuary |    330 |    330 |      0 |      0 |     64 |   1 |  330.0 |
               +--------+--------+--------+--------+--------+-----+--------+

Top non-repeatable levels by time:
  Lair:2: 1706 daAuts
     D:6: 1469 daAuts
  Lair:1: 1350 daAuts
     D:1: 1205 daAuts
     D:8: 1197 daAuts
     D:7: 1185 daAuts
     D:5: 1142 daAuts
     D:9: 1128 daAuts
    D:10: 1109 daAuts
     D:3: 995 daAuts
     D:4: 886 daAuts
     D:2: 673 daAuts
    D:11: 611 daAuts
  Lair:3: 373 daAuts
  Temple: 334 daAuts
